Unix NetHack Version 3.7.0-88 Work-in-progress - last build Aug 21 2023 04:08:40 (b68ccb3e4f8f5dcb83e1e40b1ff56e7dffd4cd28,branch:master). Game began 2023-07-29 13:18:42, ended 2024-03-13 14:13:02. moulin, chaotic female human Rogue -------------------------------- -------- |...........................*..| |..^..>| |.------|---------....------|-.| |......| |.............|.)|....|+..|))|.|######.......| ..-...|..|....|*@|....|...|..|..# ------.- #|.|--------|..|@.|....|...|..|.|## ## |.|....|..%.%.--|-(...-|-----|.|### # |.|.{..|.--|-..(()........|..|.|# # ### ------ # |.|._..-.|..|-|-.....-|--.-..|.|# ### # |....|# |.|....|.|..|..|.--*-|..|.---..|# ###### # |.....` |.|-----.|..|..|.|...|..|......|) # ### |....|# |.|...|..|------*|...|--|......|# #-------|- |.....#### |.|...|..| |....|...|..|......|# #........| |....| ###|.|...-..+ |....|...|..|......|# |.......| ------ ##|.-----..-------------|--......|# |......<| ##...............................|# |.......| # --------------------------------# ........| ################################### --------- Moulin the Robber St:25 Dx:16 Co:17 In:9 Wi:16 Ch:10 Chaotic S:224147 Dlvl:7 $:0 HP:97(97) Pw:70(70) AC:-15 Xp:14/81877 T:29533 Burdened Latest messages: You see here a staff (for sale, 20 zorkmids). "For you, esteemed lady; only 20 zorkmids for this staff." You have a little trouble lifting E - a staff (unpaid, 20 zorkmids). What do you want to drop? [a-zA-Z or ?*] E You drop a staff (unpaid, 20 zorkmids). There are many objects here. What do you want to use or apply? [abghj-lnqsuvxzF-HP-SUX or ?*] b What do you want to use or apply? [abghj-lnqsuvxzF-HP-SUX or ?*] b What do you want to use or apply? [abghj-lnqsuvxzF-HP-SUX or ?*] b In what direction? Never mind. In what direction? Never mind. What do you want to use or apply? [abghj-lnqsuvxzF-HP-SUX or ?*] b Restoring save file... Hello moulin, the female human Rogue, welcome back to NetHack! Your movements are slowed slightly because of your load. Unix NetHack Version 3.7.0-88 Work-in-progress - last build Aug 21 2023 04:08:40 (b68ccb3e4f8f5dcb83e1e40b1ff56e7dffd4cd28,branch:master). Really quit? [yn] (n) y Chibougamau gratefully inherits all your possessions. Do you want to see what you had when you quit? [ynq] (y) q Inventory: Amulets A - an uncursed amulet of life saving Y - an uncursed amulet of reflection (being worn) Weapons O - a corroded +0 dart i - a +5 dagger named Fourteen (weapon in hand) t - 14 +5 daggers named Fourteen (at the ready) Armor o - an uncursed thoroughly rusty +4 orcish helm (being worn) I - an uncursed +0 pair of gauntlets of power (being worn) p - a blessed +1 pair of leather gloves m - a blessed +1 pair of iron shoes (being worn) y - an uncursed rusty +3 Uruk-hai shield (being worn) B - an uncursed fireproof +2 cloak of magic resistance (being worn) C - a blessed +2 dwarvish mithril-coat (being worn) Comestibles c - an uncursed cram ration e - an uncursed food ration Z - 2 uncursed lizard corpses Potions K - an uncursed potion of healing D - an uncursed potion of object detection Rings W - a cursed +1 ring of increase accuracy L - an uncursed ring of see invisible V - an uncursed ring of shock resistance (on left hand) Wands u - a wand of cancellation (0:4) Q - a wand of digging (1:3) R - a wand of digging (0:2) F - a wand of fire (0:6) X - a blessed wand of polymorph (0:0) H - a wand of polymorph (0:0) S - a wand of sleep (0:6) n - a cursed wand of speed monster (0:4) g - a wand of striking (0:1) x - a wand of teleportation (0:8) v - a wand of teleportation (0:3) G - a wand of wishing (1:3) Tools b - an uncursed sack containing 34 items z - a blessed tooled horn P - an uncursed blindfold l - an expensive camera (0:92) k - an uncursed lock pick j - a magic marker (1:76) a - an uncursed magic whistle q - an uncursed oil lamp s - an uncursed stethoscope U - a blessed tinning kit (0:81) h - a +0 unicorn horn Gems/Stones M - an uncursed amethyst stone w - 2 uncursed aquamarine stones N - 2 uncursed citrine stones J - an uncursed jacinth stone r - 4 uncursed opals d - an uncursed ruby T - an uncursed turquoise stone f - an uncursed luckstone Contents of the sack: 3169 gold pieces an uncursed +0 pair of gauntlets of dexterity an uncursed +0 pair of levitation boots 3 uncursed food rations an uncursed egg an uncursed lizard corpse an uncursed scroll of gold detection 5 uncursed scrolls of blank paper 2 cursed scrolls of blank paper a blessed greased scroll of charging named b a cursed scroll of confuse monster 2 cursed scrolls of create monster an uncursed scroll of earth an uncursed scroll of light 2 blessed scrolls of remove curse an uncursed scroll of scare monster an uncursed scroll of taming a blessed scroll of teleportation an uncursed scroll of teleportation an uncursed potion of booze an uncursed potion of gain level 3 uncursed potions of object detection a potion of holy water an uncursed potion of water 2 potions of unholy water a can of grease (0:17) an expensive camera (0:65) a magic marker (0:78) an uncursed oil lamp an uncursed amethyst stone an uncursed black opal 3 uncursed diamonds 2 uncursed emeralds 2 uncursed rubies Moulin the Rogue's attributes: Background: You were a Robber, a level 14 female human Rogue. You were chaotic, on a mission for Kos who was opposed by Issek (lawful) and Mog (neutral). You started out male. You were in the Gnomish Mines, on level 7. You entered the dungeon 29533 turns ago. You had 81877 experience points, 78123 more were needed to attain level 15. Your score was 224147 before end-of-game adjustments. Basics: You had all 97 hit points. You had all 70 energy points (spell power). Your armor class was -15. Your wallet was empty, but you had 3169 zorkmids stashed away in your pack. Autopickup was off. Final Characteristics: Your strength was 25 (base:18, innate limit:18/100). Your dexterity was 16 (peak:18, limit:18). Your constitution was 17 (limit:18). Your intelligence was 9 (limit:18). Your wisdom was 16 (limit:18). Your charisma was 10 (limit:18). Final Status: You were not hungry. You were burdened; movement was slightly slowed. You were wielding a dagger. You had expert skill with dagger. Final Attributes: You were piously aligned. You were magic-protected. You were fire resistant. You were cold resistant. You were sleep resistant. You were shock resistant. Your items were protected from electric shocks. You were poison resistant. You saw invisible. You were telepathic. You had automatic searching. You were stealthy. You had a small defense bonus (+3). You were guarded. You were fast. You had reflection. You were extremely lucky. You had extra luck. Bad luck did not time out for you. Good luck did not time out for you. You survived. Miscellaneous: You encountered 1 bones level. Total elapsed playing time was 16 hours, 59 minutes and 33 seconds. Major events: Turn 1: moulin the chaotic male human Rogue entered the dungeon 776: attained the rank of Cutpurse (level 3) 3472: entered Sokoban 3894: attained the rank of Rogue (level 6) 5069: completed 1st Sokoban level 5644: completed 2nd Sokoban level 6388: completed 3rd Sokoban level 8002: completed 4th Sokoban level 9129: acquired the Sokoban amulet of reflection 9716: entered the Gnomish Mines 9919: reached Mine Town 11838: attained the rank of Pilferer (level 10) 11943: destroyed nabru's ghost, the former Thaumaturge 14624: acquired the Mines' End luckstone 18925: found Fire Brand on the floor 23662: killed Medusa 24103: made her first wish - "2 blessed greased fixed scrolls of charging", got "2 greased scrolls labeled XOR OTA" 24825: entered Gehennom 26251: attained the rank of Robber (level 14) 29533: quit Vanquished creatures: Medusa a master lich 3 orange dragons a black dragon a green dragon a baluchitherium a demilich a titanothere a trapper a baby gray dragon a baby green dragon 2 genetic engineers 6 captains 2 liches a clay golem a nurse an Aleax a golden naga a vampire 3 lieutenants a watch captain a ghost 3 giant mimics a long worm a zruty a rock troll an elven monarch a doppelganger a large mimic 6 stalkers an air elemental an earth elemental a hill giant a giant mummy 2 black nagas 3 xorns 3 giant zombies 7 sergeants 2 barbed devils 4 wargs 4 small mimics 2 warhorses 4 xans 3 ettin mummies an ogre leader a quantum mechanic 3 trolls 3 wood golems 4 sharks 3 gelatinous cubes a pyrolisk 2 large dogs 2 freezing spheres 2 flaming spheres 3 shocking spheres 4 large cats a tiger 2 gargoyles 3 dwarf rulers 4 tengu 3 ochre jellies 2 leocrottas an energy vortex a stone giant an elf mummy 3 human mummies 7 pythons 2 wraiths 2 carnivorous apes 2 ettin zombies a leather golem 2 Grey-elves 41 soldiers 4 watchmen an amorous demon 6 chameleons 7 giant beetles 5 quivering blobs 9 cockatrices 7 wolves 5 winter wolf cubs 3 panthers 2 leprechauns an orc-captain 3 iron piercers a mumak 3 giant spiders a horse 4 ice vortices 3 black lights 2 vampire bats 3 gnome rulers 3 orc mummies 2 dwarf mummies 2 brown puddings 3 rust monsters 5 owlbears 2 yetis 2 gold golems 2 werewolves a Green-elf a piranha 11 giant eels 8 lizards 2 chickatrices a dingo 3 housecats 3 jaguars 3 dwarf leaders 5 blue jellies a white unicorn a black unicorn 5 dust vortices 9 ravens 2 plains centaurs 3 gnome mummies a snake 6 water moccasins 12 apes 2 human zombies 3 rope golems 2 Woodland-elves 7 soldier ants 25 fire ants 4 bugbears 5 wood nymphs 5 water nymphs 4 mountain nymphs 2 Mordor orcs 11 Uruk-hai 5 rock piercers 5 rock moles a pony 2 fog clouds 6 yellow lights 4 shriekers 3 violet fungi 17 gnome leaders 7 gnomish wizards a kobold mummy 4 gray oozes 6 elf zombies a ghoul a straw golem 2 paper golems 14 giant ants 2 little dogs 12 floating eyes 16 dwarves a homunculus 5 kobold leaders 3 kobold shamans 19 hill orcs 4 rothes 4 giant bats 5 monkeys 5 orc zombies 9 dwarf zombies 5 wererats a werejackal 4 iguanas 14 killer bees 4 acid blobs 6 coyotes 2 gas spores 10 hobbits 4 manes 4 large kobolds 7 hobgoblins 6 giant rats 4 cave spiders 3 brown molds 2 yellow molds a green mold a red mold 59 gnomes 3 garter snakes a gnome zombie 11 geckos 10 jackals a fox 4 kobolds 8 goblins 6 sewer rats 7 grid bugs 2 bats 6 lichens 5 kobold zombies 18 newts 815 creatures vanquished. No species were genocided or became extinct. Voluntary challenges: You read items or engraved 35 times. You never engraved Elbereth. You never genocided any monsters. You used 1 wish. You did not wish for any artifacts. You did not violate any of the special Sokoban rules. Achievements: You entered a shop. You attained the rank of Cutpurse. You entered Sokoban. You attained the rank of Rogue. You completed Sokoban. You entered the Gnomish Mines. You entered Minetown. You entered a temple. You attained the rank of Pilferer. You completed the Gnomish Mines. You defeated Medusa. You learned the tune to open and close the Castle's drawbridge. You entered Gehennom. You attained the rank of Robber. The Dungeons of Doom: levels 1 to 28 Level 1: A fountain. Level 2: A potion shop. Level 3: Level 4: A general store. Stairs down to The Gnomish Mines. Level 5: Many fountains. Oracle of Delphi. Level 6: A fountain. Stairs up to Sokoban, level 5. Level 7: "stach ctr" A fountain. Level 8: A fountain, a sink. Level 9: An altar. Level 10: Level 11: Level 12: A fountain. Summoned by the Master of Thieves. Portal to The Quest. Level 13: "stash E" A fountain. Level 14: A sink. Level 15: A fountain, a sink. Level 16: "HHHH" Level 17: A temple to Kos, a sink, a grave. Level 18: A primitive area. Level 19: A fountain, a sink. Level 20: A fountain. Level 21: Some fountains. Level 22: Level 23: Level 24: A temple to Kos. Level 25: Level 26: Level 27: Many trees. Level 28: A fountain. The castle (play notes "FGFFB" to open or close drawbridge). Connection to Gehennom. Gehennom: Level 29: The Gnomish Mines: levels 5 to 13 Level 5: Level 6: Level 7: <- You were here. Many shops, a temple, a sink. Level 8: "black uni" Level 9: A grave. Final resting place for nabru-Wiz-Elf-Fem-Cha, killed by a killer bee. Level 10: Level 11: Level 12: Level 13: "black uni" The Quest: Level 1: Home. Sokoban: levels 5 up to 2 Level 2: Solved. Level 3: Solved. Level 4: Solved. Level 5: Solved. Goodbye moulin the Rogue... You quit in The Gnomish Mines on dungeon level 7 with 224147 points, and 3169 pieces of gold, after 29533 moves. You were level 14 with a maximum of 97 hit points when you quit.